 Dungeon Crawl Stone Soup version 0.28.0 (webtiles) character file.

Game seed: 3173648344450387222

101 nesserim the Ruffian (level 4, 0/40 HPs)
             Began as a Naga Transmuter on Feb 20, 2022.
             Killed by nerve-wracking pain
             ... invoked by a shadow imp
             ... summoned by Natasha
              (13 damage)
             ... on level 2 of the Dungeon.
             The game lasted 00:18:18 (2661 turns).

nesserim the Ruffian (Naga Transmuter)              Turns: 2661, Time: 00:18:19

Health: 0/40       AC:  5    Str: 12    XL:     4   Next: 75%
Magic:  7/7        EV:  9    Int: 16    God:
Gold:   28         SH:  3    Dex: 11    Spells: 1/7 levels left

rFire   . . .      SeeInvis +     - Unarmed
rCold   . . .      Faith    .   n - +0 buckler
rNeg    . . .      Spirit   .   a - +0 robe
rPois   +          Reflect  .   k - +2 hat
rElec   .          Harm     .   g - +0 cloak
rCorr   .          Rampage  .   (no gloves)
Will    .....                   (no barding)
Stlth   +.........              (no amulet)
HPRegen 0.13/turn               (no ring)
MPRegen 0.10/turn               (no ring)

@: short of breath, very slow
A: AC +1, large, see invisible, deformed body, poison resistance, slowness 2,
spit poison 1, naga tail 1
a: Spit Poison


You were on level 2 of the Dungeon.
You visited 1 branch of the dungeon, and saw 2 of its levels.

You collected 28 gold pieces.

Inventory:

Hand Weapons
 d - a +0 dagger
 i - a +0 short sword
Missiles
 b - an atropa-tipped dart (quivered)
 c - 64 stones
 e - 2 datura-tipped darts
 m - 21 sling bullets
Armour
 a - a +0 robe (worn)
 g - a +0 cloak (worn)
 k - a +2 hat (worn)
 l - a +0 helmet
 n - a +0 buckler (worn)
Scrolls
 f - a scroll of enchant armour {unknown}
 h - a scroll of immolation {unknown}
Potions
 j - a potion of curing {unknown}
 o - a potion of lignification {unknown}


   Skills:
 - Level 2.9 Fighting
 - Level 1.5 Dodging
 + Level 0.0 Shields
 * Level 4.4 Unarmed Combat
 - Level 2.0 Spellcasting
 - Level 2.0 Transmutations


You had one spell level left.
You knew the following spells:

 Your Spells              Type           Power      Damage    Failure   Level
a - Beastly Appendage     Tmut           16%        N/A       12%         1
b - Wereblood             Tmut           8%         N/A       17%         2
c - Spider Form           Tmut/Pois      4%         N/A       45%         3

Your spell library contained the following spells:

 Spells                   Type           Power      Damage    Failure   Level
 Ice Form                 Ice/Tmut       4%         N/A       86%         4


Dungeon Overview and Level Annotations

Branches:
Dungeon (2/15)

Altars:

Shops:
D:1 =

Annotations:
D:2 Natasha


Innate Abilities, Weirdness & Mutations

Your serpentine skin is tough. (AC +1)
You have supernaturally acute eyesight. (SInv)
Armour fits poorly on your strangely shaped body.
Your system is resistant to poisons. (rPois)
You cover ground very slowly.
You can spit poison.
You have a snake-like lower body.


Message History

You closely miss the crimson imp.
Aiming: Spit Poison (1% risk of failure)
Press: ? - help, Shift-Dir - straight line, f/p - Natasha
Aim: Natasha (severely wounded, 50% to hit)
The splash of poison hits the crimson imp but does no damage.
The crimson imp is poisoned.
You block the crimson imp's attack.
You hit the crimson imp.
The crimson imp is moderately wounded.
You closely miss the crimson imp.
The crimson imp is moderately wounded.
The crimson imp blinks!
Natasha stares at you and mumbles some strange words.
The magic dart hits you!
Throw: 3 darts (atropa)
Press: ? - help, Q - select action, (/) - cycle Shift-Dir - straight line, f/p - Natasha
Aim: Natasha (severely wounded, 47% to hit, chance to blind on hit: 75%)
You throw an atropa-tipped dart.
The atropa-tipped dart closely misses Natasha.
Throw: 2 darts (atropa)
Press: ? - help, Q - select action, (/) - cycle Shift-Dir - straight line, f/p - Natasha
Aim: Natasha (severely wounded, 47% to hit, chance to blind on hit: 75%)
You throw an atropa-tipped dart.
The atropa-tipped dart barely misses the shadow imp.
The atropa-tipped dart hits Natasha.
Natasha appears confused.
Natasha is severely wounded.
You have got your breath back.
The shadow imp gestures at you. Pain shoots through your body!
Aiming: Spit Poison (1% risk of failure)
Press: ? - help, Shift-Dir - straight line, f/p - Natasha
Aim: Natasha (severely wounded, confused, blind, 81% to hit)
The splash of poison hits the shadow imp.
The shadow imp is moderately wounded.
Natasha seems less confused.
The shadow imp gestures at you. Pain shoots through your body!
* * * LOW HITPOINT WARNING * * *
The shadow imp gestures at you. Pain shoots through your body!
You die...

###### #...# # #...# # #...# #
#...################ #
##...<.............. #
#..##.............. #
#..##.............. #
#..##.h............
############.@##(.............
#............>55h.............
#............###..............
#............# #..............
#..........).# #..............
#............# #..............
#............# #..............
#............# ##########.....
#............# ####.####


You could see Natasha (blind), a white imp (summoned) and a shadow imp
(summoned).

Vanquished Creatures
  Natasha (D:2)
  Robin (D:2)
  2 adders (D:2)
  5 ball pythons
  4 endoplasms
  2 giant cockroaches (D:1)
  5 goblins
  6 hobgoblins
  2 jackals
  3 kobolds
  3 quokkas
  3 bats
  2 frilled lizards (D:2)
  7 rats
46 creatures vanquished.

Notes
Turn   | Place    | Note
-------+----------+-------------------------------------------
     0 | D:1      | nesserim the Naga Transmuter began the quest for the Orb.
     0 | D:1      | Reached XP level 1. HP: 18/18 MP: 3/3
   572 | D:1      | Reached XP level 2. HP: 20/25 MP: 3/5
   858 | D:1      | Found Ade Veps's Jewellery Emporium.
  1280 | D:1      | Reached XP level 3. HP: 32/32 MP: 4/6
  1562 | D:2      | Learned a level 2 spell: Wereblood
  1601 | D:2      | Learned a level 3 spell: Spider Form
  1979 | D:2      | Reached skill level 4 in Unarmed Combat
  1983 | D:2      | Reached XP level 4. HP: 35/40 MP: 7/7
  2022 | D:2      | Noticed Natasha
  2035 | D:2      | Killed Natasha
  2127 | D:2      | Noticed Robin
  2154 | D:2      | Killed Robin
  2640 | D:2      | Noticed Natasha
  2661 | D:2      | Killed from afar by a shadow imp

Illustrated notes

Levels and vault maps discovered:
D:1:      pf_arrival_petrified_forest, layout_basic, serial_shops,
          nicolae_shop_trees
D:2:      layout_basic, chequers_serial_rivers_large_b, uniq_natasha, uniq_robin

Skill      XL: |  1  2  3 |
---------------+----------+-----
Fighting       | 2 |  2.9
Unarmed Combat | 4 |  4.4
Dodging        | |  1.5
Spellcasting   | |  2.0
Transmutations | |  2.0

Action                   |  1- 3 |  4- 6 || total
-------------------------+-------+-------++-------
Melee: Unarmed           |    79 |    35 ||   114
       Headbutt          |     7 |     1 ||     8
       Punch             |     1 |       ||     1
Throw: Stone             |    24 |       ||    24
       Dart              |     2 |     6 ||     8
 Cast: Beastly Appendage |    22 |     2 ||    24
       Wereblood         |       |     1 ||     1
 Abil: Spit Poison       |    18 |    10 ||    28
Armor: Robe              |    32 |    13 ||    45
Dodge: Dodged            |    31 |    12 ||    43
Block: Buckler           |       |     1 ||     1
